Senators vs Knights
Created - 26 mars 2015 at 19:17
Goals
|
| Senators |
4 |
2 |
0 |
6 |
| Knights |
0 |
1 |
3 |
4 |
|
Shots
|
| Senators |
14 |
13 |
4 |
31 |
| Knights |
14 |
5 |
6 |
25 |
|
1st period
1. Senators , Cody Hodgson 10 (Steven Goertzen, Sergei Kostitsyn) at 2:21
2. Senators , Niklas Hagman 41 (Rob Niedermayer) at 12:09
3. Senators , Josh Hennessy 23 (Stanislav Chistov, Sergei Kostitsyn) at 17:00
4. Senators , Steven Goertzen 25 (Josh Hennessy, Stanislav Chistov) at 17:49
Penalties :
Zbynek Michalek (Lon) for Fighting (Major) at 18:06, Steven Goertzen (BIN) for Fighting (Major) at 18:06
2nd period
5. Senators , Stanislav Chistov 55 (Jamal Mayers) at 1:59
6. Senators , Niklas Hagman 42 (Logan Stephenson, Jamal Mayers) at 7:54
7. Knights , Kyle Greentree 29 (Garnet Exelby) at 8:13
Penalties :
Brayden McNabb (Lon) for Hooking (Minor) at 3:01, Jani Rita (Lon) for Holding (Minor) at 11:40, Logan Stephenson (BIN) for Holding (Minor) at 13:42
3rd period
8. Knights , Kyle Greentree 30 (James Wright) at 5:09
9. Knights , A.J. Jenks 11 (Marco Scandella, Zbynek Michalek) at 13:48
10. Knights , Jimmy Hayes 13 (Kyle Greentree, Eric Gelinas) at 16:04
Penalties :
Jani Rita (Lon) for Hooking (Minor) at 1:04, Milan Jurcina (BIN) for Hooking (Minor) at 13:51
Goalie Stats
Alexander Salak (BIN), 21 saves from 25 shots - (0,840), W, 10-11-2, 60:00 minutes
Dany Sabourin (Lon), 18 saves from 20 shots - (0,900), L, 18-9-1, 42:11 minutes
Jacob Markstrom (Lon), 7 saves from 11 shots - (0,636), 17:49 minutes
Players Stats for Senators
Player Name G A P +/- PIM S H SB GA TA FO MP PP MP PK MP
------------------------------------------------------------------------------------
Brett Sterling 0 0 0 2 0 1 0 1 0 0 1/1 7:29 0:03 0:22
Cody Hodgson 1 0 1 1 0 5 1 0 1 1 1/1 11:48 0:00 0:00
Erik Haula 0 0 0 0 0 1 1 0 0 0 0/0 6:00 0:00 0:13
Erik Karlsson 0 0 0 1 0 1 3 0 0 0 0/0 19:08 2:23 1:17
Gabriel Bourque 0 0 0 0 0 1 0 0 0 0 0/0 8:01 0:17 0:27
Jack Skille 0 0 0 -1 0 0 3 0 2 0 0/0 11:09 0:20 0:41
Jamal Mayers 0 2 2 1 0 1 1 1 1 1 0/4 22:48 3:03 2:09
Josh Hennessy 1 1 2 0 0 1 1 0 0 0 9/15 18:09 2:31 0:57
Logan Stephenson 0 1 1 1 2 1 3 2 0 1 0/0 19:07 2:23 1:10
Milan Jurcina 0 0 0 -1 2 3 1 3 0 0 0/0 26:25 3:34 1:15
Niklas Hagman 2 0 2 1 0 5 3 0 0 0 1/1 21:48 3:06 0:57
Rob Niedermayer 0 1 1 1 0 4 1 0 1 1 23/36 22:53 3:06 2:10
Sergei Kostitsyn 0 2 2 0 0 1 2 0 1 1 0/0 17:16 2:31 0:00
Shane Sims 0 0 0 2 0 0 0 3 0 1 0/0 13:11 0:00 0:10
Stanislav Chistov 1 2 3 0 0 3 1 0 0 0 0/1 17:18 2:31 0:00
Steven Goertzen 1 1 2 1 5 1 0 0 1 0 0/0 11:14 0:23 0:00
Tyson Barrie 0 0 0 2 0 0 0 1 0 0 0/0 14:34 0:00 1:33
Vladimir Mihalik 0 0 0 -1 0 2 1 6 0 1 0/0 27:41 3:34 2:31
Players Stats for Knights
Player Name G A P +/- PIM S H SB GA TA FO MP PP MP PK MP
------------------------------------------------------------------------------------
A.J. Jenks 1 0 1 0 0 2 1 1 0 0 0/0 8:46 0:00 0:00
Alex Chiasson 0 0 0 -1 0 1 4 0 2 1 1/2 17:41 1:49 0:00
Brayden McNabb 0 0 0 -2 2 0 0 0 0 0 0/0 13:26 1:22 0:00
Carter Ashton 0 0 0 0 0 0 1 0 0 0 0/0 8:46 0:00 0:00
Chris Thorburn 0 0 0 0 0 2 1 0 0 0 1/1 19:08 2:09 1:24
Eric Gelinas 0 1 1 1 0 2 2 4 1 0 0/0 24:51 2:36 3:22
Garnet Exelby 0 1 1 0 0 2 1 2 1 1 0/0 21:49 1:22 3:32
James Wright 0 1 1 -1 0 2 0 0 0 0 7/24 20:15 1:44 2:38
Jani Rita 0 0 0 0 4 2 3 0 0 0 0/0 17:26 2:09 0:00
Jimmy Hayes 1 0 1 -1 0 1 0 0 0 0 0/0 9:21 0:00 0:00
Joe Colborne 0 0 0 -1 0 2 1 0 0 0 0/5 9:44 0:00 0:05
Kyle Greentree 2 1 3 -1 0 7 1 1 2 0 0/0 20:14 1:49 2:31
Marco Scandella 0 1 1 0 0 0 2 0 0 1 0/0 25:27 2:36 2:25
Michael Raffl 0 0 0 -1 0 0 3 0 0 0 0/0 11:41 0:00 1:33
Philip Varone 0 0 0 0 0 1 0 0 0 0 3/4 10:48 0:05 1:35
Tomas Kundratek 0 0 0 -2 0 0 0 0 0 1 0/0 15:17 0:00 0:18
Zack Hamill 0 0 0 0 0 0 2 0 0 1 12/23 19:48 2:09 2:08
Zbynek Michalek 0 1 1 -1 5 1 1 1 1 2 0/0 19:50 0:00 2:36
3 Stars
1 - Niklas Hagman (BIN)
2 - Kyle Greentree (Lon)
3 - Stanislav Chistov (BIN)
Power Play
Senators - 0 on 3 Attempt(s) - 0,00%
Knights - 0 on 2 Attempt(s) - 0,00%
Penalty Kill
Senators - 2 on 2 Attempt(s) - 100,00%
- Score 0 goal in Penalty Kill
Knights - 3 on 3 Attempt(s) - 100,00%
- Score 0 goal in Penalty Kill
Team Stat
Senators - Hits : 22 - Faceoff Wins : 35 - Blocked Shots : 17 - Penalty Minutes : 9
Knights - Hits : 23 - Faceoff Wins : 24 - Blocked Shots : 9 - Penalty Minutes : 11
Official
Referees : Devorski Paul and Pollock Kevin
Linesman : Mark Shewchyk and Ryan Galloway
Game Notes
4:03 of 1st period - Senators goal is going for a video replay. After video review, No Goal. The net was displaced accidentally.
Dany Sabourin enters game at 17:49 of 1st period
Zbynek Michalek beats up Steven Goertzen at 18:06 of 1st period
Brett Sterling is injured at 15:10 of 2nd period (Lower Body)
Finance
Level 1 -- Attendance: 1341 (67,05%) -- Ticket Income 46 935 $
Level 2 -- Attendance: 801 (80,10%) -- Ticket Income 16 020 $
Total Attendance: 2142 (71,40%)
Total Ticket Income: 62 955 $
Other Income: 3 148 $
Total Income: 66 103 $
Senators
5 vs 5 Forward
Center Left Wing Right Wing Time % Phy DF OF
1 Rob Niedermayer Niklas Hagman Jamal Mayers 40 1 2 2
2 Josh Hennessy Sergei Kostitsyn Stanislav Chistov 30 1 2 2
3 Cody Hodgson Brett Sterling Steven Goertzen 20 1 2 2
4 Erik Haula Gabriel Bourque Jack Skille 10 1 2 2
5 vs 5 Defense
Defense Defense Time % Phy DF OF
1 Vladimir Mihalik Milan Jurcina 40 1 2 2
2 Logan Stephenson Erik Karlsson 30 1 2 2
3 Shane Sims Tyson Barrie 20 1 2 2
4 Vladimir Mihalik Milan Jurcina 10 1 2 2
PowerPlay Forward
Center Left Wing Right Wing Time % Phy DF OF
1 Rob Niedermayer Niklas Hagman Jamal Mayers 60 1 2 2
2 Josh Hennessy Sergei Kostitsyn Stanislav Chistov 40 1 2 2
PowerPlay Defense
Defense Defense Time % Phy DF OF
1 Vladimir Mihalik Milan Jurcina 60 1 2 2
2 Logan Stephenson Erik Karlsson 40 1 2 2
Penalty Kill 4 Players Forward
Center Wing Time % Phy DF OF
1 Rob Niedermayer Jamal Mayers 60 1 2 2
2 Niklas Hagman Josh Hennessy 40 1 2 2
Penalty Kill 4 Players Defense
Defense Defense Time % Phy DF OF
1 Vladimir Mihalik Milan Jurcina 60 1 2 2
2 Logan Stephenson Erik Karlsson 40 1 2 2
Penalty Kill - 3 Players Forward
Forward Time % Phy DF OF
1 Rob Niedermayer 60 1 2 2
2 Jamal Mayers 40 1 2 2
Penalty Kill - 3 Players Defense
Defense Defense Time % Phy DF OF
1 Vladimir Mihalik Milan Jurcina 60 1 2 2
2 Logan Stephenson Erik Karlsson 40 1 2 2
4 vs 4 Forward
Center Wing Time % Phy DF OF
1 Rob Niedermayer Jamal Mayers 60 1 2 2
2 Niklas Hagman Josh Hennessy 40 1 2 2
4 vs 4 Defense
Defense Defense Time % Phy DF OF
1 Vladimir Mihalik Milan Jurcina 60 1 2 2
2 Logan Stephenson Erik Karlsson 40 1 2 2
Last Minutes Offensive
Center Left Wing Right Wing Defense Defense
Rob Niedermayer Niklas Hagman Jamal Mayers Vladimir Mihalik Milan Jurcina
Last Minutes Defensive
Center Left Wing Right Wing Defense Defense
Rob Niedermayer Niklas Hagman Jamal Mayers Vladimir Mihalik Milan Jurcina
Goaltenders
Starting : Alexander Salak
Backup : Jonas Gustavsson
Extra Forwards
Normal : Steven Goertzen, Brett Sterling, Jack Skille - PP : Steven Goertzen, Brett Sterling - PK : Jack Skille
Extra Defensemen
Normal : Shane Sims, Tyson Barrie, Logan Stephenson - PP : Shane Sims - PK : Tyson Barrie, Logan Stephenson
Penalty Shots
Rob Niedermayer, Jamal Mayers, Niklas Hagman, Josh Hennessy, Stanislav Chistov
Knights
5 vs 5 Forward
Center Left Wing Right Wing Time % Phy DF OF
1 Zack Hamill Jani Rita Chris Thorburn 37 1 2 2
2 James Wright Kyle Greentree Alex Chiasson 33 1 2 2
3 Joe Colborne Michael Raffl Jimmy Hayes 20 1 2 2
4 Philip Varone A.J. Jenks Carter Ashton 10 1 2 2
5 vs 5 Defense
Defense Defense Time % Phy DF OF
1 Marco Scandella Zbynek Michalek 40 1 2 2
2 Garnet Exelby Eric Gelinas 30 1 2 2
3 Tomas Kundratek Brayden McNabb 20 1 2 2
4 Tomas Kundratek Eric Gelinas 10 1 2 2
PowerPlay Forward
Center Left Wing Right Wing Time % Phy DF OF
1 Zack Hamill Jani Rita Chris Thorburn 60 1 1 3
2 James Wright Kyle Greentree Alex Chiasson 40 1 1 3
PowerPlay Defense
Defense Defense Time % Phy DF OF
1 Marco Scandella Eric Gelinas 60 1 1 3
2 Brayden McNabb Garnet Exelby 40 1 1 3
Penalty Kill 4 Players Forward
Center Wing Time % Phy DF OF
1 James Wright Kyle Greentree 60 1 3 1
2 Zack Hamill Chris Thorburn 40 1 3 1
Penalty Kill 4 Players Defense
Defense Defense Time % Phy DF OF
1 Garnet Exelby Eric Gelinas 60 1 2 2
2 Marco Scandella Zbynek Michalek 40 1 3 1
Penalty Kill - 3 Players Forward
Forward Time % Phy DF OF
1 James Wright 60 0 4 1
2 Chris Thorburn 40 0 4 1
Penalty Kill - 3 Players Defense
Defense Defense Time % Phy DF OF
1 Zbynek Michalek Eric Gelinas 60 1 4 0
2 Marco Scandella Garnet Exelby 40 1 4 0
4 vs 4 Forward
Center Wing Time % Phy DF OF
1 Zack Hamill Chris Thorburn 60 1 2 2
2 James Wright Jani Rita 40 1 2 2
4 vs 4 Defense
Defense Defense Time % Phy DF OF
1 Marco Scandella Eric Gelinas 60 1 2 2
2 Tomas Kundratek Brayden McNabb 40 1 2 2
Last Minutes Offensive
Center Left Wing Right Wing Defense Defense
Zack Hamill Jani Rita Chris Thorburn Garnet Exelby Marco Scandella
Last Minutes Defensive
Center Left Wing Right Wing Defense Defense
James Wright Kyle Greentree Chris Thorburn Garnet Exelby Zbynek Michalek
Goaltenders
Starting : Jacob Markstrom
Backup : Dany Sabourin
Extra Forwards
Normal : Kyle Greentree, Zack Hamill, James Wright - PP : James Wright, Zack Hamill - PK : Zack Hamill
Extra Defensemen
Normal : Marco Scandella, Eric Gelinas, Tomas Kundratek - PP : Eric Gelinas - PK : Eric Gelinas, Tomas Kundratek
Penalty Shots
Alex Chiasson, Jani Rita, Zack Hamill, James Wright, Kyle Greentree
% Time on Ice - Senators
Lines # - Real PCT - Wanted PCT - Time Play
Normal Forward
1 - 36% - 40% - 17:57
2 - 29% - 30% - 14:41
3 - 24% - 20% - 11:48
4 - 11% - 10% - 5:39
Normal Defense
1 - 38% - 40% - 19:02
2 - 31% - 30% - 15:28
3 - 26% - 20% - 13:00
4 - 5% - 10% - 2:35
PP Forward
1 - 58% - 60% - 3:26
2 - 42% - 40% - 2:31
PP Defense
1 - 60% - 60% - 3:34
2 - 40% - 40% - 2:23
PK Forward
1 - 76% - 60% - 3:01
2 - 24% - 40% - 0:57
PK Defense
1 - 68% - 60% - 2:41
2 - 32% - 40% - 1:17
PK3 Forward
1 - 0% - 60%
2 - 0% - 40%
PK3 Defense
1 - 0% - 60%
2 - 0% - 40%
44 Forward
1 - 0% - 60%
2 - 0% - 40%
44 Defense
1 - 0% - 60%
2 - 0% - 40%
Last Minute Offensive - 0:00
Last Minute Defensive - 0:00
Total
Forward - 60:00
Defense - 60:00
|
% Time on Ice - Knights
Lines # - Real PCT - Wanted PCT - Time Play
Normal Forward
1 - 31% - 37% - 15:42
2 - 32% - 33% - 16:16
3 - 19% - 20% - 9:21
4 - 18% - 10% - 8:46
Normal Defense
1 - 42% - 40% - 20:59
2 - 30% - 30% - 14:53
3 - 23% - 20% - 11:32
4 - 5% - 10% - 2:41
PP Forward
1 - 54% - 60% - 2:09
2 - 46% - 40% - 1:49
PP Defense
1 - 66% - 60% - 2:36
2 - 34% - 40% - 1:22
PK Forward
1 - 76% - 60% - 4:33
2 - 24% - 40% - 1:24
PK Defense
1 - 62% - 60% - 3:40
2 - 38% - 40% - 2:17
PK3 Forward
1 - 0% - 60%
2 - 0% - 40%
PK3 Defense
1 - 0% - 60%
2 - 0% - 40%
44 Forward
1 - 0% - 60%
2 - 0% - 40%
44 Defense
1 - 0% - 60%
2 - 0% - 40%
Last Minute Offensive - 0:00
Last Minute Defensive - 0:00
Total
Forward - 60:00
Defense - 60:00
|
Play by Play
1st period
0:01 of 1st period - Zack Hamill wins face-off versus Rob Niedermayer in neutral zone.
0:06 of 1st period - Snap shot by Chris Thorburn.
0:06 of 1st period - Stopped by Alexander Salak with a rebound.
0:14 of 1st period - Backhand shot by Jani Rita.
0:14 of 1st period - Shot Blocked by Milan Jurcina.
1:16 of 1st period - Wrist shot by A.J. Jenks.
1:16 of 1st period - Deflect By Philip Varone.
1:16 of 1st period - Stopped by Alexander Salak with a rebound.
1:18 of 1st period - Slapshot by Zbynek Michalek.
1:18 of 1st period - Shot Misses the Net.
1:48 of 1st period - Josh Hennessy is hit by Eric Gelinas and loses puck.
2:21 of 1st period - Snap shot by Cody Hodgson.
2:21 of 1st period - Goal by Cody Hodgson - Senators : 1 - Knights : 0.
2:22 of 1st period - Rob Niedermayer wins face-off versus James Wright in neutral zone.
2:24 of 1st period - Off-side.
2:25 of 1st period - Rob Niedermayer wins face-off versus James Wright in neutral zone.
2:33 of 1st period - Slapshot by Jamal Mayers.
2:33 of 1st period - Deflect By Niklas Hagman.
2:33 of 1st period - Stopped by Jacob Markstrom without a rebound.
2:34 of 1st period - Zack Hamill wins face-off versus Rob Niedermayer in Knights zone.
2:39 of 1st period - Backhand shot by Rob Niedermayer.
2:39 of 1st period - Stopped by Jacob Markstrom without a rebound.
2:40 of 1st period - Rob Niedermayer wins face-off versus Zack Hamill in Knights zone.
2:47 of 1st period - Backhand shot by Rob Niedermayer.
2:47 of 1st period - Shot Misses the Net.
2:49 of 1st period - Slapshot by Milan Jurcina.
2:49 of 1st period - Stopped by Jacob Markstrom without a rebound.
2:50 of 1st period - James Wright wins face-off versus Josh Hennessy in Knights zone.
2:55 of 1st period - Wrist shot by Kyle Greentree.
2:55 of 1st period - Shot Misses the Net.
2:57 of 1st period - Slapshot by Eric Gelinas.
2:57 of 1st period - Shot Misses the Net.
2:59 of 1st period - Snap shot by Kyle Greentree.
2:59 of 1st period - Stopped by Alexander Salak with a rebound.
3:01 of 1st period - Slapshot by Kyle Greentree.
3:01 of 1st period - Stopped by Alexander Salak with a rebound.
3:03 of 1st period - Slapshot by Eric Gelinas.
3:03 of 1st period - Stopped by Alexander Salak without a rebound.
3:04 of 1st period - Zack Hamill wins face-off versus Jamal Mayers in Senators zone.
3:38 of 1st period - Slapshot by Cody Hodgson.
3:38 of 1st period - Stopped by Jacob Markstrom with a rebound.
3:54 of 1st period - Erik Karlsson is hit by A.J. Jenks and loses puck.
4:01 of 1st period - Snap shot by Sergei Kostitsyn.
4:01 of 1st period - Shot Hit the Post.
4:03 of 1st period - Wrist shot by Stanislav Chistov.
4:03 of 1st period - Senators goal is going for a video replay.
4:03 of 1st period - The goal is refused. The net was displaced accidentally..
4:04 of 1st period - Zack Hamill wins face-off versus Jamal Mayers in Knights zone.
4:11 of 1st period - Wrist shot by Chris Thorburn.
4:11 of 1st period - Shot Blocked by Shane Sims.
4:13 of 1st period - Slapshot by Zbynek Michalek.
4:13 of 1st period - Deflect By Jani Rita.
4:13 of 1st period - Shot Misses the Net.
4:13 of 1st period - Puck is out of play.
4:14 of 1st period - Rob Niedermayer wins face-off versus Zack Hamill in Senators zone.
4:21 of 1st period - Marco Scandella is hit by Niklas Hagman and loses puck.
4:28 of 1st period - Niklas Hagman is hit by Jani Rita and loses puck.
4:41 of 1st period - Zbynek Michalek is hit by Logan Stephenson and loses puck.
4:56 of 1st period - Slapshot by Jani Rita.
4:56 of 1st period - Stopped by Alexander Salak with a rebound.
6:03 of 1st period - Snap shot by Niklas Hagman.
6:03 of 1st period - Shot Blocked by Eric Gelinas.
6:05 of 1st period - Slapshot by Milan Jurcina.
6:05 of 1st period - Shot Misses the Net.
6:07 of 1st period - Snap shot by Rob Niedermayer.
6:07 of 1st period - Stopped by Jacob Markstrom without a rebound.
6:08 of 1st period - Josh Hennessy wins face-off versus James Wright in Knights zone.
6:35 of 1st period - Steven Goertzen is hit by Michael Raffl and loses puck.
6:40 of 1st period - Snap shot by Joe Colborne.
6:40 of 1st period - Shot Blocked by Brett Sterling.
6:42 of 1st period - Slapshot by Garnet Exelby.
6:42 of 1st period - Shot Misses the Net.
6:44 of 1st period - Slapshot by Garnet Exelby.
6:44 of 1st period - Shot Blocked by Tyson Barrie.
8:58 of 1st period - Brett Sterling is hit by Joe Colborne and loses puck.
9:21 of 1st period - Icing by Zbynek Michalek.
9:22 of 1st period - James Wright wins face-off versus Josh Hennessy in Knights zone.
9:35 of 1st period - Snap shot by Gabriel Bourque.
9:35 of 1st period - Shot Blocked by Zbynek Michalek.
11:04 of 1st period - A.J. Jenks is hit by Rob Niedermayer.
11:08 of 1st period - Philip Varone is hit by Niklas Hagman and loses puck.
11:15 of 1st period - Wrist shot by A.J. Jenks.
11:15 of 1st period - Shot Misses the Net.
11:28 of 1st period - Marco Scandella is hit by Erik Haula and loses puck.
12:07 of 1st period - Snap shot by Cody Hodgson.
12:07 of 1st period - Deflect By Brett Sterling.
12:07 of 1st period - Shot Blocked by Eric Gelinas.
12:07 of 1st period - Puck is out of play.
12:08 of 1st period - Rob Niedermayer wins face-off versus James Wright in Knights zone.
12:09 of 1st period - Backhand shot by Niklas Hagman.
12:09 of 1st period - Goal by Niklas Hagman - Senators : 2 - Knights : 0.
12:10 of 1st period - Rob Niedermayer wins face-off versus James Wright in neutral zone.
12:25 of 1st period - Snap shot by James Wright.
12:25 of 1st period - Stopped by Alexander Salak with a rebound.
12:58 of 1st period - Backhand shot by A.J. Jenks.
12:58 of 1st period - Deflect By Carter Ashton.
12:58 of 1st period - Shot Blocked by Milan Jurcina.
12:58 of 1st period - Puck is out of play.
12:59 of 1st period - Philip Varone wins face-off versus Rob Niedermayer in Senators zone.
13:00 of 1st period - Snap shot by Garnet Exelby.
13:00 of 1st period - Shot Misses the Net.
13:02 of 1st period - Slapshot by Garnet Exelby.
13:02 of 1st period - Shot Blocked by Shane Sims.
13:04 of 1st period - Slapshot by Garnet Exelby.
13:04 of 1st period - Shot Misses the Net.
13:06 of 1st period - Slapshot by Garnet Exelby.
13:06 of 1st period - Shot Blocked by Shane Sims.
13:33 of 1st period - Snap shot by James Wright.
13:33 of 1st period - Shot Misses the Net.
13:35 of 1st period - Wrist shot by Kyle Greentree.
13:35 of 1st period - Stopped by Alexander Salak without a rebound.
13:36 of 1st period - Zack Hamill wins face-off versus Rob Niedermayer in Senators zone.
13:47 of 1st period - Zack Hamill is hit by Jamal Mayers and loses puck.
14:06 of 1st period - Slapshot by James Wright.
14:06 of 1st period - Stopped by Alexander Salak with a rebound.
14:08 of 1st period - Slapshot by Alex Chiasson.
14:08 of 1st period - Deflect By Kyle Greentree.
14:08 of 1st period - Shot Blocked by Milan Jurcina.
14:08 of 1st period - Puck is out of play.
14:09 of 1st period - Alex Chiasson wins face-off versus Josh Hennessy in Senators zone.
14:22 of 1st period - Snap shot by Alex Chiasson.
14:22 of 1st period - Stopped by Alexander Salak without a rebound.
14:23 of 1st period - Zack Hamill wins face-off versus Jamal Mayers in Senators zone.
14:48 of 1st period - Rob Niedermayer is hit by Zbynek Michalek and loses puck.
15:15 of 1st period - Vladimir Mihalik is hit by Michael Raffl and loses puck.
15:35 of 1st period - Slapshot by Brayden McNabb.
15:35 of 1st period - Shot Blocked by Vladimir Mihalik.
15:37 of 1st period - Snap shot by Joe Colborne.
15:37 of 1st period - Stopped by Alexander Salak with a rebound.
15:39 of 1st period - Wrist shot by Joe Colborne.
15:39 of 1st period - Stopped by Alexander Salak without a rebound.
15:40 of 1st period - Josh Hennessy wins face-off versus James Wright in Senators zone.
15:51 of 1st period - James Wright is hit by Sergei Kostitsyn and loses puck.
16:34 of 1st period - Wrist shot by Erik Karlsson.
16:34 of 1st period - Shot Blocked by A.J. Jenks.
16:52 of 1st period - Backhand shot by Sergei Kostitsyn.
16:52 of 1st period - Stopped by Jacob Markstrom without a rebound.
16:53 of 1st period - Josh Hennessy wins face-off versus James Wright in Knights zone.
17:00 of 1st period - Wrist shot by Josh Hennessy.
17:00 of 1st period - Goal by Josh Hennessy - Senators : 3 - Knights : 0.
17:01 of 1st period - Zack Hamill wins face-off versus Rob Niedermayer in neutral zone.
17:33 of 1st period - Slapshot by Josh Hennessy.
17:33 of 1st period - Shot Blocked by Garnet Exelby.
17:47 of 1st period - Wrist shot by Josh Hennessy.
17:47 of 1st period - Shot Blocked by Eric Gelinas.
17:49 of 1st period - Slapshot by Steven Goertzen.
17:49 of 1st period - Goal by Steven Goertzen - Senators : 4 - Knights : 0.
17:49 of 1st period - Dany Sabourin enters game.
17:50 of 1st period - Cody Hodgson wins face-off versus Zack Hamill in neutral zone.
18:06 of 1st period - Zbynek Michalek beats up Steven Goertzen.
18:06 of 1st period - Penalty to Zbynek Michalek for Fighting.
18:06 of 1st period - Penalty to Steven Goertzen for Fighting.
18:07 of 1st period - Zack Hamill wins face-off versus Rob Niedermayer in Senators zone.
18:10 of 1st period - Wrist shot by Jani Rita.
18:10 of 1st period - Stopped by Alexander Salak with a rebound.
18:22 of 1st period - Snap shot by Rob Niedermayer.
18:22 of 1st period - Stopped by Dany Sabourin with a rebound.
18:41 of 1st period - Snap shot by Alex Chiasson.
18:41 of 1st period - Shot Blocked by Vladimir Mihalik.
18:43 of 1st period - Wrist shot by Kyle Greentree.
18:43 of 1st period - Stopped by Alexander Salak with a rebound.
19:03 of 1st period - Wrist shot by Jack Skille.
19:03 of 1st period - Shot Misses the Net.
19:15 of 1st period - Wrist shot by Rob Niedermayer.
19:15 of 1st period - Shot Misses the Net.
19:35 of 1st period - Eric Gelinas is hit by Jack Skille and loses puck.
19:40 of 1st period - Slapshot by Gabriel Bourque.
19:40 of 1st period - Stopped by Dany Sabourin with a rebound.
19:42 of 1st period - Slapshot by Erik Haula.
19:42 of 1st period - Stopped by Dany Sabourin with a rebound.
Goals for this period are 4 for Senators vs 0 for Knights.
Shots for this period are 14 for Senators vs 14 for Knights.
2nd period
0:01 of 2nd period - Rob Niedermayer wins face-off versus James Wright in neutral zone.
0:26 of 2nd period - Tomas Kundratek is hit by Vladimir Mihalik.
1:09 of 2nd period - Eric Gelinas is hit by Logan Stephenson and loses puck.
1:25 of 2nd period - Off-side.
1:26 of 2nd period - Rob Niedermayer wins face-off versus James Wright in neutral zone.
1:33 of 2nd period - Wrist shot by Rob Niedermayer.
1:33 of 2nd period - Stopped by Dany Sabourin without a rebound.
1:34 of 2nd period - Niklas Hagman wins face-off versus Zack Hamill in Knights zone.
1:59 of 2nd period - Wrist shot by Stanislav Chistov.
1:59 of 2nd period - Goal by Stanislav Chistov - Senators : 5 - Knights : 0.
2:00 of 2nd period - Chris Thorburn wins face-off versus Josh Hennessy in neutral zone.
2:03 of 2nd period - Josh Hennessy is hit by Jani Rita and loses puck.
2:46 of 2nd period - Off-side.
2:47 of 2nd period - Brett Sterling wins face-off versus Joe Colborne in neutral zone.
2:56 of 2nd period - Snap shot by Cody Hodgson.
2:56 of 2nd period - Stopped by Dany Sabourin without a rebound.
2:57 of 2nd period - Josh Hennessy wins face-off versus Zack Hamill in Knights zone.
3:01 of 2nd period - Minor Penalty to Brayden McNabb for Hooking.
3:02 of 2nd period - James Wright wins face-off versus Rob Niedermayer in Knights zone.
3:06 of 2nd period - Penalty to Zbynek Michalek is over, Zbynek Michalek is back on ice.
5:01 of 2nd period - Penalty to Brayden McNabb is over, Brayden McNabb is back on ice.
5:49 of 2nd period - Kyle Greentree is hit by Erik Karlsson and loses puck.
6:32 of 2nd period - Zack Hamill is hit by Milan Jurcina and loses puck.
7:46 of 2nd period - Icing by Philip Varone.
7:47 of 2nd period - Rob Niedermayer wins face-off versus Philip Varone in Knights zone.
7:48 of 2nd period - Slapshot by Jamal Mayers.
7:48 of 2nd period - Shot Misses the Net.
7:50 of 2nd period - Backhand shot by Logan Stephenson.
7:50 of 2nd period - Shot Misses the Net.
7:52 of 2nd period - Snap shot by Logan Stephenson.
7:52 of 2nd period - Deflect By A.J. Jenks.
7:52 of 2nd period - Stopped by Dany Sabourin with a rebound.
7:54 of 2nd period - Snap shot by Niklas Hagman.
7:54 of 2nd period - Deflect By Zbynek Michalek.
7:54 of 2nd period - Goal by Niklas Hagman - Senators : 6 - Knights : 0.
7:55 of 2nd period - Rob Niedermayer wins face-off versus James Wright in neutral zone.
7:57 of 2nd period - Off-side.
7:58 of 2nd period - Rob Niedermayer wins face-off versus James Wright in neutral zone.
8:13 of 2nd period - Wrist shot by Kyle Greentree.
8:13 of 2nd period - Goal by Kyle Greentree - Senators : 6 - Knights : 1.
8:14 of 2nd period - Rob Niedermayer wins face-off versus James Wright in neutral zone.
8:41 of 2nd period - Snap shot by Jimmy Hayes.
8:41 of 2nd period - Shot Misses the Net.
8:43 of 2nd period - Slapshot by Zbynek Michalek.
8:43 of 2nd period - Stopped by Alexander Salak with a rebound.
9:23 of 2nd period - Slapshot by Chris Thorburn.
9:23 of 2nd period - Shot Misses the Net.
9:25 of 2nd period - Snap shot by Eric Gelinas.
9:25 of 2nd period - Stopped by Alexander Salak with a rebound.
9:27 of 2nd period - Wrist shot by Carter Ashton.
9:27 of 2nd period - Shot Blocked by Logan Stephenson.
9:29 of 2nd period - Slapshot by A.J. Jenks.
9:29 of 2nd period - Shot Blocked by Logan Stephenson.
9:31 of 2nd period - Slapshot by Garnet Exelby.
9:31 of 2nd period - Stopped by Alexander Salak with a rebound.
9:33 of 2nd period - Slapshot by Garnet Exelby.
9:33 of 2nd period - Deflect By Cody Hodgson.
9:33 of 2nd period - Stopped by Alexander Salak without a rebound.
9:34 of 2nd period - Josh Hennessy wins face-off versus James Wright in Senators zone.
10:00 of 2nd period - Chris Thorburn is hit by Erik Karlsson and loses puck.
10:11 of 2nd period - Wrist shot by Cody Hodgson.
10:11 of 2nd period - Shot Hit the Post.
10:13 of 2nd period - Wrist shot by Cody Hodgson.
10:13 of 2nd period - Stopped by Dany Sabourin without a rebound.
10:14 of 2nd period - James Wright wins face-off versus Rob Niedermayer in Knights zone.
10:14 of 2nd period - James Wright is hit by Niklas Hagman.
10:30 of 2nd period - Wrist shot by Jamal Mayers.
10:30 of 2nd period - Shot Misses the Net.
10:57 of 2nd period - Snap shot by Kyle Greentree.
10:57 of 2nd period - Shot Misses the Net.
11:15 of 2nd period - Slapshot by Milan Jurcina.
11:15 of 2nd period - Stopped by Dany Sabourin with a rebound.
11:17 of 2nd period - Slapshot by Vladimir Mihalik.
11:17 of 2nd period - Deflect By Alex Chiasson.
11:17 of 2nd period - Stopped by Dany Sabourin with a rebound.
11:19 of 2nd period - Slapshot by Milan Jurcina.
11:19 of 2nd period - Stopped by Dany Sabourin with a rebound.
11:21 of 2nd period - Snap shot by Steven Goertzen.
11:21 of 2nd period - Shot Misses the Net.
11:33 of 2nd period - Slapshot by Steven Goertzen.
11:33 of 2nd period - Deflect By Cody Hodgson.
11:33 of 2nd period - Stopped by Dany Sabourin with a rebound.
11:35 of 2nd period - Slapshot by Brett Sterling.
11:35 of 2nd period - Stopped by Dany Sabourin without a rebound.
11:36 of 2nd period - Rob Niedermayer wins face-off versus Zack Hamill in Knights zone.
11:40 of 2nd period - Minor Penalty to Jani Rita for Holding.
11:41 of 2nd period - Zack Hamill wins face-off versus Rob Niedermayer in Knights zone.
11:41 of 2nd period - Zack Hamill is hit by Logan Stephenson.
12:12 of 2nd period - Logan Stephenson is hit by Marco Scandella and loses puck.
12:19 of 2nd period - Zbynek Michalek is hit by Josh Hennessy and loses puck.
13:40 of 2nd period - Penalty to Jani Rita is over, Jani Rita is back on ice.
13:42 of 2nd period - Minor Penalty to Logan Stephenson for Holding.
13:43 of 2nd period - Rob Niedermayer wins face-off versus Zack Hamill in Senators zone.
14:15 of 2nd period - Wrist shot by Chris Thorburn.
14:15 of 2nd period - Shot Blocked by Vladimir Mihalik.
14:17 of 2nd period - Snap shot by Eric Gelinas.
14:17 of 2nd period - Shot Blocked by Vladimir Mihalik.
14:19 of 2nd period - Slapshot by Marco Scandella.
14:19 of 2nd period - Shot Blocked by Jamal Mayers.
14:41 of 2nd period - Wrist shot by Niklas Hagman.
14:41 of 2nd period - Stopped by Dany Sabourin with a rebound.
15:09 of 2nd period - Brett Sterling is hit by Garnet Exelby and loses puck.
15:10 of 2nd period - Brett Sterling from Senators is injured at 15:10 of 2nd period (Lower Body).
15:11 of 2nd period - Zack Hamill wins face-off versus Rob Niedermayer in Senators zone.
15:38 of 2nd period - Jamal Mayers is hit by Alex Chiasson.
15:42 of 2nd period - Penalty to Logan Stephenson is over, Logan Stephenson is back on ice.
15:46 of 2nd period - Slapshot by James Wright.
15:46 of 2nd period - Shot Misses the Net.
15:48 of 2nd period - Wrist shot by James Wright.
15:48 of 2nd period - Deflect By Kyle Greentree.
15:48 of 2nd period - Shot Misses the Net.
15:48 of 2nd period - Puck is out of play.
15:49 of 2nd period - Josh Hennessy wins face-off versus Joe Colborne in Senators zone.
15:51 of 2nd period - Icing by Sergei Kostitsyn.
15:52 of 2nd period - Josh Hennessy wins face-off versus Joe Colborne in Senators zone.
17:49 of 2nd period - Wrist shot by Jani Rita.
17:49 of 2nd period - Shot Misses the Net.
17:58 of 2nd period - Off-side.
17:59 of 2nd period - James Wright wins face-off versus Josh Hennessy in neutral zone.
18:14 of 2nd period - Wrist shot by Sergei Kostitsyn.
18:14 of 2nd period - Shot Misses the Net.
18:24 of 2nd period - Rob Niedermayer is hit by Zack Hamill and loses puck.
18:47 of 2nd period - Zbynek Michalek is hit by Jack Skille and loses puck.
19:24 of 2nd period - Wrist shot by Stanislav Chistov.
19:24 of 2nd period - Stopped by Dany Sabourin without a rebound.
19:25 of 2nd period - Rob Niedermayer wins face-off versus James Wright in Knights zone.
19:37 of 2nd period - Off-side.
19:38 of 2nd period - Zack Hamill wins face-off versus Rob Niedermayer in neutral zone.
19:54 of 2nd period - Snap shot by Chris Thorburn.
19:54 of 2nd period - Shot Blocked by Vladimir Mihalik.
Goals for this period are 2 for Senators vs 1 for Knights.
Shots for this period are 13 for Senators vs 5 for Knights.
3rd period
0:01 of 3rd period - Zack Hamill wins face-off versus Jamal Mayers in neutral zone.
0:26 of 3rd period - Sergei Kostitsyn is hit by Alex Chiasson and loses puck.
0:33 of 3rd period - Wrist shot by Kyle Greentree.
0:33 of 3rd period - Deflect By Alex Chiasson.
0:33 of 3rd period - Shot Misses the Net.
0:33 of 3rd period - Puck is out of play.
0:34 of 3rd period - Josh Hennessy wins face-off versus Alex Chiasson in Senators zone.
0:43 of 3rd period - Sergei Kostitsyn is hit by Alex Chiasson and loses puck.
0:59 of 3rd period - Icing by Stanislav Chistov.
1:00 of 3rd period - Rob Niedermayer wins face-off versus Zack Hamill in Senators zone.
1:04 of 3rd period - Minor Penalty to Jani Rita for Hooking.
1:05 of 3rd period - Rob Niedermayer wins face-off versus James Wright in Knights zone.
1:09 of 3rd period - Snap shot by Rob Niedermayer.
1:09 of 3rd period - Shot Blocked by Garnet Exelby.
1:11 of 3rd period - Slapshot by Vladimir Mihalik.
1:11 of 3rd period - Stopped by Dany Sabourin with a rebound.
1:13 of 3rd period - Snap shot by Rob Niedermayer.
1:13 of 3rd period - Deflect By Niklas Hagman.
1:13 of 3rd period - Stopped by Dany Sabourin with a rebound.
1:15 of 3rd period - Wrist shot by Rob Niedermayer.
1:15 of 3rd period - Deflect By Garnet Exelby.
1:15 of 3rd period - Shot Misses the Net.
1:15 of 3rd period - Puck is out of play.
1:16 of 3rd period - James Wright wins face-off versus Rob Niedermayer in Knights zone.
1:29 of 3rd period - Snap shot by Jamal Mayers.
1:29 of 3rd period - Shot Blocked by Eric Gelinas.
2:13 of 3rd period - Zack Hamill is hit by Stanislav Chistov and loses puck.
3:04 of 3rd period - Penalty to Jani Rita is over, Jani Rita is back on ice.
4:28 of 3rd period - Icing by Niklas Hagman.
4:29 of 3rd period - Philip Varone wins face-off versus Rob Niedermayer in Senators zone.
5:00 of 3rd period - Erik Haula is hit by Jani Rita and loses puck.
5:05 of 3rd period - Snap shot by Chris Thorburn.
5:05 of 3rd period - Stopped by Alexander Salak without a rebound.
5:06 of 3rd period - James Wright wins face-off versus Josh Hennessy in Senators zone.
5:09 of 3rd period - Wrist shot by Kyle Greentree.
5:09 of 3rd period - Goal by Kyle Greentree - Senators : 6 - Knights : 2.
5:10 of 3rd period - Rob Niedermayer wins face-off versus Zack Hamill in neutral zone.
5:41 of 3rd period - Wrist shot by Kyle Greentree.
5:41 of 3rd period - Stopped by Alexander Salak without a rebound.
5:42 of 3rd period - Josh Hennessy wins face-off versus James Wright in Senators zone.
6:35 of 3rd period - Steven Goertzen is hit by Eric Gelinas and loses puck.
8:16 of 3rd period - Logan Stephenson is hit by Marco Scandella and loses puck.
9:14 of 3rd period - Erik Haula is hit by Carter Ashton and loses puck.
9:39 of 3rd period - Rob Niedermayer is hit by Zack Hamill and loses puck.
9:44 of 3rd period - Wrist shot by Chris Thorburn.
9:44 of 3rd period - Shot Misses the Net.
10:03 of 3rd period - Tyson Barrie is hit by Michael Raffl and loses puck.
10:16 of 3rd period - Jimmy Hayes is hit by Sergei Kostitsyn and loses puck.
11:17 of 3rd period - Snap shot by Sergei Kostitsyn.
11:17 of 3rd period - Shot Blocked by Kyle Greentree.
11:26 of 3rd period - Icing by Kyle Greentree.
11:27 of 3rd period - Rob Niedermayer wins face-off versus James Wright in Knights zone.
12:41 of 3rd period - Slapshot by Erik Karlsson.
12:41 of 3rd period - Stopped by Dany Sabourin without a rebound.
12:42 of 3rd period - Rob Niedermayer wins face-off versus Joe Colborne in Knights zone.
13:23 of 3rd period - Jani Rita is hit by Erik Karlsson and loses puck.
13:36 of 3rd period - Wrist shot by A.J. Jenks.
13:36 of 3rd period - Stopped by Alexander Salak without a rebound.
13:37 of 3rd period - Philip Varone wins face-off versus Stanislav Chistov in Senators zone.
13:42 of 3rd period - Wrist shot by A.J. Jenks.
13:42 of 3rd period - Shot Misses the Net.
13:44 of 3rd period - Snap shot by Zbynek Michalek.
13:44 of 3rd period - Shot Blocked by Vladimir Mihalik.
13:46 of 3rd period - Snap shot by Marco Scandella.
13:46 of 3rd period - Shot Misses the Net.
13:48 of 3rd period - Snap shot by A.J. Jenks.
13:48 of 3rd period - Goal by A.J. Jenks - Senators : 6 - Knights : 3.
13:49 of 3rd period - Rob Niedermayer wins face-off versus Zack Hamill in neutral zone.
13:51 of 3rd period - Minor Penalty to Milan Jurcina for Hooking.
13:52 of 3rd period - Rob Niedermayer wins face-off versus Zack Hamill in Senators zone.
15:51 of 3rd period - Penalty to Milan Jurcina is over, Milan Jurcina is back on ice.
16:04 of 3rd period - Snap shot by Jimmy Hayes.
16:04 of 3rd period - Goal by Jimmy Hayes - Senators : 6 - Knights : 4.
16:05 of 3rd period - Rob Niedermayer wins face-off versus Joe Colborne in neutral zone.
16:18 of 3rd period - Slapshot by Jamal Mayers.
16:18 of 3rd period - Stopped by Dany Sabourin with a rebound.
16:20 of 3rd period - Slapshot by Niklas Hagman.
16:20 of 3rd period - Shot Misses the Net.
16:55 of 3rd period - Alex Chiasson is hit by Cody Hodgson.
17:57 of 3rd period - Shane Sims is hit by Chris Thorburn and loses puck.
18:17 of 3rd period - Josh Hennessy is hit by Kyle Greentree and loses puck.
18:44 of 3rd period - Josh Hennessy is hit by Alex Chiasson and loses puck.
19:19 of 3rd period - Marco Scandella is hit by Jack Skille and loses puck.
Goals for this period are 0 for Senators vs 3 for Knights.
Shots for this period are 4 for Senators vs 6 for Knights.
Output by the SimonT Hockey Simulator (STHS) for François Prévost -- Original Page W3C XHTML 1.0 Valid